 Dungeon Crawl Stone Soup version 0.31.0-32-g396128a36d (webtiles) character file.

Game seed: 1563347680878090991

792 LegendsAlwaysDI3 the Sneak (level 7, -3/40 HPs)
             Began as a Vampire Gladiator on Mar 24, 2024.
             Slain by a crocodile zombie (9 damage)
             ... in an ossuary on Mar 25, 2024.
             The game lasted 00:11:46 (4657 turns).

LegendsAlwaysDI3 the Sneak (Vampire Gladiator)      Turns: 4657, Time: 00:11:47

Health: -3/40      AC:  5    Str: 13    XL:     7   Next: 57%
Magic:  7/7        EV: 13    Int: 10    God:
Gold:   248        SH:  0    Dex: 18    Spells: 3/6 levels left

rFire   . . .        j - +4 quarterstaff (chaos)
rCold   + + .        (shield currently unavailable)
rNeg    + + +        b - +0 leather armour
rPois   ∞            (no helmet)
rElec   .            (no cloak)
rCorr   .            a - +0 pair of gloves
SInv    +            c - +0 pair of boots
Will    .....        (no amulet)
Stlth   +++++        (no ring)
HPRegen 0.00/turn    (no ring)
MPRegen 0.10/turn

%: no passive effects
@: bloodless, inhibited regen
A: bloodless, fangs 3, see invisible, vampiric 2
a: Bat Form, Revivify


You were in an ossuary.
You visited 1 branch of the dungeon, and saw 5 of its levels.
You also visited: Ossuary.

You collected 248 gold pieces.

Inventory:

Hand Weapons
 j - a +4 quarterstaff of chaos (weapon)
 r - the +2 sling "Wiriv" {freeze, rF- rN++ Dex+8}
   (You found it on level 5 of the Dungeon)

   Dex+8:     It affects your dexterity (+8).
   rF-:       It makes you vulnerable to fire.
   rN++:      It greatly protects you from negative energy.
Missiles
 d - 5 throwing nets (quivered)
 e - a javelin
 i - 10 poisoned darts
Armour
 a - a +0 pair of gloves (worn)
 b - a +0 leather armour (worn)
 c - a +0 pair of boots (worn)
 h - an orb of energy
Scrolls
 n - a scroll of vulnerability
 q - a scroll of immolation
Potions
 f - 3 potions of curing
 g - 2 potions of attraction
 k - a potion of lignification {unknown}
 l - 2 potions of invisibility
 m - 2 potions of mutation {unknown}
 o - a potion of haste {unknown}
 p - a potion of brilliance {unknown}


   Skills:
 + Level 2.4 Fighting
 + Level 4.1(4.8) Short Blades
 * Level 3.2(4.0) Long Blades
 + Level 2.4 Staves
 + Level 0.5 Ranged Weapons
 + Level 1.6 Throwing
 + Level 2.0 Armour
 + Level 4.2 Dodging
 + Level 5.7 Stealth
 * Level 3.0 Necromancy


You had 3 spell levels left.
You knew the following spells:

 Your Spells              Type           Power      Damage    Failure   Level
a - Vampiric Draining     Necr           6%         2d6       38%         3

Your spell library contained the following spells:

 Spells                   Type           Power      Damage    Failure   Level
 Necrotise                Necr           24%        1d5       14%         1
 Apportation              Tloc           0%         N/A       43%         1
 Freeze                   Ice            0%         1d3       43%         1
 Shock                    Conj/Air       0%         1d3       43%         1
 Slow                     Hex            0%         N/A       43%         1
 Sting                    Conj/Alch      0%         1d3       43%         1
 Summon Small Mammal      Summ           0%         N/A       43%         1
 Confusing Touch          Hex            0%         N/A       82%         3
 Frozen Ramparts          Ice            0%         1d1       82%         3
 Hailstorm                Conj/Ice       0%         3d5       82%         3
 Sigil of Binding         Hex            0%         N/A       82%         3
 Swiftness                Air            0%         N/A       82%         3
 Airstrike                Air            0%         2d(0-16)  99%         4


Dungeon Overview and Level Annotations

Branches:
Dungeon (5/15)            Ossuary (1/1)
 Temple: D:4-7

Altars:
Cheibriados
Gozag


Innate Abilities, Weirdness & Mutations

You do not regenerate when monsters are visible.
You are frail without blood (-20% HP).
You can heal yourself when you bite living creatures.
You are immune to poison.
You have razor-sharp teeth.
You have supernaturally acute eyesight. (SInv)
You are afflicted with vampirism and can become a bat while bloodless.


Message History

Found a gate leading back out of this place.
You shoot a sling bullet.
The sling bullet hits the crocodile zombie.
The crocodile zombie is lightly damaged.
You shoot a sling bullet.
The sling bullet hits the crocodile zombie.
The crocodile zombie is moderately damaged.
You shoot a sling bullet. The sling bullet hits the orc zombie!
You destroy the orc zombie!
You shoot a sling bullet.
The sling bullet hits the crocodile zombie.
The crocodile zombie is moderately damaged.
The crocodile zombie bites you but does no damage.
You shoot a sling bullet.
The sling bullet hits the crocodile zombie.
The crocodile zombie is moderately damaged.
The crocodile zombie bites you!
The crocodile zombie drags you backwards!
You shoot a sling bullet.
The sling bullet hits the crocodile zombie.
The crocodile zombie is heavily damaged.
The crocodile zombie barely misses you.
The +2 sling "Wiriv" {freeze, rF- rN++ Dex+8} stops glowing.
Your +4 quarterstaff of chaos is briefly surrounded by a scintillating aura of random colours.
j - a +4 quarterstaff of chaos (weapon)
The crocodile zombie bites you.
The crocodile zombie drags you backwards!
You barely miss the crocodile zombie.
The crocodile zombie is heavily damaged.
The crocodile zombie bites you!
The crocodile zombie drags you backwards!
You are too injured to fight recklessly!
You barely miss the crocodile zombie.
The crocodile zombie is heavily damaged.
The crocodile zombie bites you!
* * * LOW HITPOINT WARNING * * *
You hit the crocodile zombie.
The crocodile zombie is heavily damaged.
The crocodile zombie bites you!
You die...

#### #########
#?!!?#...#..∩#
+?"$!#.∩.'.@Z#
#!!!!#...#...#
#### #####...#
#...# #+###


You could see a crocodile zombie.

Vanquished Creatures
  An ice beast (D:5)
  A black bear (D:5)
  The ghost of tizbic2 the Charlatan, an amateur TeAr of Fedhas (D:3)
  A phantom (D:4)
  The ghost of middlethird the Chiller, an amateur VSIE (D:5)
  2 scorpions
  A sleepcap (D:4)
  Crazy Yiuf (D:3)
  3 iguanas (D:4)
  An orc wizard (D:4)
  3 gnolls (D:5)
  4 adders (D:4)
  3 dart slugs
  A ribbon worm (D:2)
  7 orcs
  5 endoplasms
  A giant cockroach (D:1)
  4 hobgoblins
  4 jackals
  7 kobolds
  3 quokkas
  3 ball pythons
  6 bats
  4 frilled lizards
  2 goblins
  An orc zombie (Ossuary)
  4 rats
75 creatures vanquished.

Notes
Turn   | Place    | Note
-------+----------+-------------------------------------------
     0 | D:1      | LegendsAlwaysDI3 the Vampire Gladiator began the quest for
                  | the Orb.
     0 | D:1      | Reached XP level 1. HP: 16/16 MP: 1/1
   436 | D:1      | Reached XP level 2. HP: 17/17 MP: 2/2
   835 | D:1      | Found a faded altar of an unknown god.
  1229 | D:2      | Reached skill level 1 in Stealth
  1232 | D:2      | Gained mutation: You are afflicted with vampirism and can
                  | become a bat while bloodless. [Vampire growth]
  1232 | D:2      | Reached XP level 3. HP: 21/21 MP: 3/3
  1870 | D:3      | Found a large runed translucent door.
  1870 | D:3      | Found a large runed translucent door.
  1872 | D:3      | Noticed tizbic2's ghost (amateur TeAr)
  1906 | D:3      | Found a runed translucent door.
  1907 | D:3      | Noticed Crazy Yiuf
  1945 | D:3      | Killed Crazy Yiuf
  1946 | D:3      | Reached skill level 1 in Long Blades
  1946 | D:3      | Reached skill level 2 in Stealth
  1946 | D:3      | Reached XP level 4. HP: 26/26 MP: 4/4
  1950 | D:3      | Learned a level 3 spell: Vampiric Draining
  2579 | D:3      | Killed tizbic2's ghost
  2580 | D:3      | Reached skill level 1 in Armour
  2580 | D:3      | Reached skill level 3 in Stealth
  2580 | D:3      | Reached XP level 5. HP: 17/30 MP: 5/5
  2889 | D:4      | Noticed a phantom
  2909 | D:4      | Killed a phantom
  2910 | D:4      | Reached skill level 4 in Stealth
  3012 | D:4      | Reached skill level 1 in Necromancy
  3115 | D:4      | Reached XP level 6. HP: 35/35 MP: 6/6
  3240 | D:4      | Reached skill level 1 in Staves
  3993 | D:5      | Entered Level 5 of the Dungeon
  4011 | D:5      | Reached skill level 5 in Stealth
  4052 | D:5      | Found an opulent altar of Gozag.
  4058 | D:5      | Noticed an ice beast
  4069 | D:5      | Killed an ice beast
  4070 | D:5      | Reached XP level 7. HP: 40/40 MP: 7/7
  4190 | D:5      | Identified the +2 sling "Wiriv" {freeze, rF- rN++ Dex+8}
  4425 | D:5      | Found a snail-covered altar of Cheibriados.
  4506 | D:5      | Found a runed translucent gate.
  4506 | D:5      | Found a runed translucent gate.
  4506 | D:5      | Found a runed translucent gate.
  4507 | D:5      | Noticed middlethird's ghost (amateur VSIE)
  4517 | D:5      | Killed middlethird's ghost
  4632 | D:5      | Found a sand-covered staircase.
  4643 | Ossuary  | Entered an ossuary
  4657 | Ossuary  | Slain by a crocodile zombie

Illustrated notes

Levels and vault maps discovered:
D:1:      roderic_octagonal_star, layout_basic,
          hellmonk_ecumenical_altar_leap_of_faith
D:2:      layout_basic
D:3:      layout_basic, ebering_ghost_disaster_area, hangedman_decor_points,
          uniq_crazy_yiuf_cottage
D:4:      nicolae_BIG_FREAKIN_CUBE, layout_basic
D:5:      layout_basic, mainiacjoe_overflow_catwalk, cheibriados_altar_1,
          ebering_ghost_rock_garden, nicolae_ossuary_entry_monument,
          grunt_decor_cap
Ossuary:  ossuary_tomb_2

Skill      XL: |  1  2  3  4  5  6  7 |
---------------+----------------------+-----
Stealth        | 1 2 3 4 5 |  5.7
Fighting       | 2 |  2.4
Long Blades    | 1 2 3 |  3.2
Short Blades   | 4 |  4.1
Armour         | 1 2 |  2.0
Dodging        | 4 |  4.2
Necromancy     | 1 2 3 |  3.0
Staves         | 2 |  2.4
Ranged Weapons | |  0.5
Throwing       | |  1.6

Action                     |  1- 3 |  4- 6 |  7- 9 || total
---------------------------+-------+-------+-------++-------
  Melee: Rapier            |    73 |       |       ||    73
         Bite              |     4 |     5 |     2 ||    11
         Punch             |     2 |       |       ||     2
         Quarterstaff      |       |    80 |    10 ||    90
   Fire: Sling             |       |       |    23 ||    23
Ability: Exsanguinate      |     1 |       |       ||     1
    Use: Scroll            |     5 |     4 |     1 ||    10
   Stab: Sleeping          |    13 |    12 |     3 ||    28
         Confused          |       |     1 |       ||     1
 Armour: Leather armour    |    21 |    36 |    16 ||    73
  Dodge: Dodged            |    27 |    40 |    10 ||    77
